 Dungeon Crawl Stone Soup version 0.27.1-34-g3ba077fa99 (webtiles) character file.

Game seed: 9052699045965949154

35 cbfl8 the Sneak (level 3, -1/33 HPs)
             Began as a Minotaur Delver on Jan 20, 2022.
             Was an Initiate of Yredelemnul.
             Succumbed to a water moccasin's poison
             ... on level 5 of the Dungeon.
             The game lasted 00:00:50 (211 turns).

cbfl8 the Sneak (Minotaur Delver)                    Turns: 211, Time: 00:00:50

Health: -1/33      AC:  3    Str: 16    XL:     3   Next: 17%
Magic:  2/2        EV: 11    Int:  8    God:    Yredelemnul [......]
Gold:   0          SH:  0    Dex: 11    Spells: 2/2 levels left

rFire    . . .     SeeInvis .   a - +0 hand axe
rCold    . . .     Faith    .   (no shield)
rNeg     . . .     Spirit   .   b - +0 leather armour
rPois    .         Reflect  .   (helmet restricted)
rElec    .         Harm     .   (no cloak)
rCorr    .         Rampage  .   (no gloves)
Will     .....                  (no boots)
Stlth    ++........             (no amulet)
HPRegen  0.11/turn              (no ring)
MPRegen  0.08/turn              (no ring)

@: lethally poisoned (-1 -> -9)
A: horns 2, retaliatory headbutt
a: Renounce Religion


You were on level 5 of the Dungeon.
You worshipped Yredelemnul.
Yredelemnul was noncommittal.
You visited 2 branches of the dungeon, and saw 3 of its levels.

Inventory:

Hand Weapons
 a - a +0 hand axe (weapon)
Armour
 b - a +0 leather armour (worn)
Wands
 g - a wand of digging (3)
Scrolls
 c - a scroll of fog
 d - a scroll of magic mapping
 e - a scroll of fear
Potions
 f - a potion of haste


   Skills:
 + Level 3.9 Fighting
 + Level 2.6 Axes
 + Level 0.5 Armour
 + Level 2.2 Dodging
 + Level 4.7 Stealth


You had 2 spell levels left.
You didn't know any spells.
Your spell library was empty.

Dungeon Overview and Level Annotations

Branches:
Dungeon (6/15)             Temple (1/1) D:5

Altars:
Ashenzari
Cheibriados
Dithmenos
Elyvilon
Fedhas
Gozag
Hepliaklqana
Kikubaaqudgha
Makhleb
Nemelex Xobeh
Okawaru
Qazlal
Ru
Sif Muna
Trog
Uskayaw
Vehumet
Wu Jian
Xom
Yredelemnul
Zin
The Shining One


Innate Abilities, Weirdness & Mutations

You have a pair of horns on your head.
You reflexively headbutt those who attack you in melee.


Message History

You slash the howler monkey!
You kill the howler monkey!
Yredelemnul accepts your kill.
You have reached level 2!
You have reached level 3!
Your experience leads to an increase in your attributes!
Increase (S)trength, (I)ntelligence, or (D)exterity?
You feel clever.
You start resting.
A scorpion comes into view.
A scorpion is nearby!
A scorpion is nearby!
A scorpion is nearby!
A scorpion is nearby!
A scorpion is nearby!
A scorpion is nearby!
A scorpion is nearby!
A scorpion is nearby!
A scorpion is nearby!
A scorpion is nearby!
A scorpion is nearby!
You climb downwards.
The water moccasin hisses angrily.
You hear a croak.
There is a stone staircase leading up here.
You climb upwards.
The water moccasin hisses angrily.
There is a stone staircase leading down, spattered with blood here.
You climb downwards.
The water moccasin hisses angrily.
The water moccasin bites you. The water moccasin bites you!
* * * LOW HITPOINT WARNING * * *
You are lethally poisoned!
The water moccasin poisons you!
There is a stone staircase leading up here.
* * * LOW HITPOINT WARNING * * *
You feel sick. The water moccasin bites you.
* * * LOW HITPOINT WARNING * * *
You climb upwards.
You die...
Your body rises from the dead as a mindless zombie.

...... ...... .$.h.
.... #.. . #.##
######
....##..######⌠...#
...........@s##...#
......#.#...S..._.#
...## #.#.S..##...#
. #.#....#⌠...#
#......######
##.......#.#
#.......#.#
##......#.#
#...##.#.#


You could see 2 water moccasins and a scorpion.

Vanquished Creatures
  A howler monkey (D:5)
1 creature vanquished.

Notes
Turn   | Place    | Note
-------+----------+-------------------------------------------
     0 | D:5      | cbfl8 the Minotaur Delver began the quest for the Orb.
     0 | D:5      | Reached XP level 1. HP: 19/19 MP: 0/0
     7 | Temple   | Entered the Ecumenical Temple
    58 | Temple   | Became a worshipper of Yredelemnul the Dark
   105 | D:5      | Noticed a water moccasin
   138 | D:5      | Found a burning altar of Makhleb.
   153 | D:5      | Noticed a howler monkey
   159 | D:6      | Noticed a water moccasin
   169 | D:5      | Killed a howler monkey
   170 | D:5      | Reached XP level 2. HP: 13/27 MP: 1/1
   170 | D:5      | Reached XP level 3. HP: 16/33 MP: 2/2
   203 | D:5      | Noticed a scorpion
   210 | D:6      | HP: 1/33 [water moccasin (4)]
   211 | D:5      | Succumbed to a water moccasin's poison

Illustrated notes

Levels and vault maps discovered:
D:5:      layout_basic, mainiacjoe_overflow_alcove_2,
          minmay_temple_entry_mini_moons, uniq_edmund
D:6:      layout_basic, uniq_pikel, uniq_duvessa
Temple:   nicolae_temple_the_god_donut

Action                   || total
-------------------------++-------
Melee: Hand axe          ||     8
       Headbutt          ||     1
Armor: Leather armour    ||     4
Dodge: Dodged            ||     1
